[Event "Titled Tuesday Blitz February 21 Late 2023"]
[White "Gholami Orimi, Mahdi"]
[Black "Bortnyk, Mykola"]
[WhiteFideId "12558486"]
[BlackFideId "14120836"]
[WhiteElo "2420"]
[BlackElo "2425"]
[Result "0-1"]
[Round "07"]
[TimeControl "180+2"]
[Date "2023.02.21"]
[WhiteClock "0:00:16"]
[BlackClock "0:00:17"]

1. d4 d5 2. c4 dxc4 3. e4 e5 4. Nf3 exd4 5. Bxc4 Nc6 6. O-O Be6 7. Bxe6 fxe6 8. Qb3 Qd7 9. Qxb7 Rb8 10. Qa6 Nf6 11. Nbd2 e5 12. b3 Bd6 13. Qc4 Rb4 14. Qc2 O-O 15. Ba3 Rb6 16. Bc5 Rbb8 17. Rac1 Ne7 18. Ne1 Kh8 19. Nd3 Ng6 20. Bxa7 Ra8 21. Bc5 Qg4 22. f3 Qg5 23. Bxd6 cxd6 24. Nc4 d5 25. Ncxe5 Nxe5 26. f4 Qh6 27. Nxe5 dxe4 28. Qc4 d3 29. Nf7+ Rxf7 30. Qxf7 d2 31. Qb7 Rg8 32. Rc8 Qh5 33. Rxg8+ Nxg8 34. Qxe4 d1=Q 35. Rxd1 Qxd1+ 36. Kf2 Qd2+ 37. Kg3 Qxa2 38. Qc4 h5 39. h3 Nf6 40. Qd3 Qb2 41. Qd8+ Kh7 42. Qd3+ Kh6 43. Qe3 Qc2 44. b4 Qf5 45. Qd4 Ne4+ 46. Kf3 Ng5+ 47. Ke3 Qe6+ 48. Qe5 Qb3+ 49. Kf2 Nf7 50. Qc5 Qe6 51. Kg3 Nd6 52. Kh2 Qf6 53. g3 Ne4 54. Qe3 Qb2+ 55. Kg1 Qxb4 56. f5+ Kh7 57. Qf4 Qb1+ 58. Kg2 Qc2+ 59. Kg1 Qd1+ 60. Kg2 Qe2+ 61. Kg1 Nd2 62. Qf2 Qxf2+ 63. Kxf2 Ne4+ 64. Kf3 Nf6 65. Kf4 Kh6 66. g4 Nh7 67. Kg3 hxg4 68. Kxg4 Nf6+ 69. Kh4 Nd7 70. Kg4 Ne5+ 71. Kf4 Nf7 72. Kg4 Ng5 73. Kh4 Nh7 74. Kg4 Nf8 75. Kh4 Kh7 76. Kg5 Nd7 77. h4 Nf6 78. h5 Ng8 79. h6 gxh6+ 80. Kh4 Nf6 81. Kg3 Kg7 82. Kh4 Kf7 83. Kg3 Ke7 84. Kf4 Kd6 85. Kg3 Ke5 86. Kh4 Kxf5 87. Kg3 Kg5 88. Kh3 h5 89. Kg3 h4+ 90. Kh2 Kg4 91. Kg2 h3+ 92. Kh1 Kg3 93. Kg1 Ng4 94. Kh1 Nf2+ 95. Kg1 h2+ 96. Kf1 h1=Q+ 97. Ke2 Qd1+ 98. Ke3 Qd3# 0-1


[Site "https://www.chess.com"]

[Event "Titled Tuesday Blitz February 21 Late 2023"]
[White "Zhigalko, Sergei"]
[Black "Svane, Rasmus"]
[WhiteFideId "13502956"]
[BlackFideId "4657101"]
[WhiteElo "2572"]
[BlackElo "2623"]
[Result "1/2-1/2"]
[Round "07"]
[TimeControl "180+2"]
[Date "2023.02.21"]
[WhiteClock "0:00:04"]
[BlackClock "0:00:03"]

1. e4 e5 2. Nf3 Nc6 3. Bc4 Bc5 4. b4 Bxb4 5. c3 Ba5 6. d4 d6 7. Qb3 Qd7 8. O-O Bb6 9. Nbd2 Na5 10. Qc2 Nxc4 11. Nxc4 Qc6 12. Qe2 Nf6 13. Re1 Bg4 14. dxe5 Bxf3 15. Qxf3 Nd7 16. Nxb6 Nxe5 17. Qg3 axb6 18. Qxg7 O-O-O 19. Qf6 Rhg8 20. Kh1 Rg6 21. Qf5+ Kb8 22. Be3 Rdg8 23. g3 Ng4 24. Bd4 Qc4 25. h3 c5 26. hxg4 cxd4 27. cxd4 Qxd4 28. Rad1 Qe5 29. Qxe5 dxe5 30. Rd7 Rf6 31. Kg2 Rxg4 32. Rc1 Rc6 33. Rxc6 bxc6 34. f3 Rg7 35. Re7 b5 36. Kh3 Kc8 37. g4 Kd8 38. Rxe5 Kd7 39. Kg3 f6 40. Rh5 Ke6 41. Kf4 Ra7 42. Rh6 Rxa2 43. g5 b4 44. Rxf6+ Kd7 45. Rf7+ Kd6 46. Rxh7 c5 47. Rb7 Kc6 48. Rb8 Kc7 49. Rb5 Kc6 50. Rb8 Kc7 51. Rb5 Kc6 52. Rb8 1/2-1/2


[Site "https://www.chess.com"]

[Event "Titled Tuesday Blitz February 21 Late 2023"]
[White "Vakhlamov, Igor L."]
[Black "Sjugirov, Sanan"]
[WhiteFideId "24126748"]
[BlackFideId "4189302"]
[WhiteElo "2413"]
[BlackElo "2712"]
[Result "0-1"]
[Round "07"]
[TimeControl "180+2"]
[Date "2023.02.21"]
[WhiteClock "0:00:53"]
[BlackClock "0:00:07"]

1. e4 c6 2. Nc3 d5 3. Nf3 Bg4 4. h3 Bxf3 5. Qxf3 e6 6. d4 Nf6 7. Bd3 Bb4 8. e5 Nfd7 9. O-O c5 10. Qg3 g6 11. dxc5 Bxc5 12. Bg5 Be7 13. Bh6 Nc6 14. Rae1 Bh4 15. Qf4 g5 16. Qa4 Qb6 17. Nb5 O-O-O 18. Nd6+ Kb8 19. Nxf7 Rdf8 20. Nxh8 Bxf2+ 21. Kh1 Rxh8 22. Bxg5 Bxe1 23. Rxe1 Rg8 0-1


[Site "https://www.chess.com"]

[Event "Titled Tuesday Blitz February 21 Late 2023"]
[White "Vasquez Schroeder, Rodrigo"]
[Black "KhalilMousavi98"]
[WhiteFideId "3400042"]
[WhiteElo "2524"]
[BlackElo "2871"]
[Result "1-0"]
[Round "07"]
[TimeControl "180+2"]
[Date "2023.02.21"]
[WhiteClock "0:01:05"]
[BlackClock "0:00:01"]

1. d4 d5 2. c4 e6 3. Nc3 c5 4. e3 Nc6 5. Nf3 Nf6 6. a3 a6 7. b3 cxd4 8. exd4 Ne4 9. Bb2 Be7 10. Bd3 f5 11. O-O Bf6 12. Be2 O-O 13. cxd5 Nxc3 14. Bxc3 exd5 15. Bd3 Re8 16. Qc2 g6 17. Rfe1 Be6 18. Qb2 Bf7 19. b4 Qd6 20. a4 Rxe1+ 21. Rxe1 Re8 22. Rb1 Nb8 23. Ne5 Nd7 24. f4 Nb6 25. Qb3 Rc8 26. b5 Nc4 27. bxa6 bxa6 28. Bxc4 dxc4 29. Qb6 Qxb6 30. Rxb6 Bxe5 31. fxe5 Bd5 32. Rd6 Be4 33. d5 Kf7 34. e6+ Ke8 35. Rd7 Rc5 36. d6 Bd5 37. Re7+ Kd8 38. Bf6 Kc8 39. d7+ Kc7 40. Re8 Bxe6 41. d8=Q+ 1-0


[Site "https://www.chess.com"]

[Event "Titled Tuesday Blitz February 21 Late 2023"]
[White "Swiercz, Dariusz"]
[Black "Florescu, Codrut-Constantin"]
[WhiteFideId "1126881"]
[BlackFideId "1202200"]
[WhiteElo "2637"]
[BlackElo "2259"]
[Result "1/2-1/2"]
[Round "07"]
[TimeControl "180+2"]
[Date "2023.02.21"]
[WhiteClock "0:00:04"]
[BlackClock "0:00:12"]

1. e4 c5 2. Nf3 e6 3. g3 d5 4. exd5 exd5 5. Bg2 Nf6 6. O-O Nc6 7. d4 Be7 8. dxc5 Bxc5 9. Re1+ Be6 10. Be3 Bxe3 11. Rxe3 O-O 12. c3 Rc8 13. Nd4 Bg4 14. Qd2 Re8 15. Na3 Qb6 16. Rae1 Rxe3 17. Rxe3 Nxd4 18. cxd4 Bf5 19. Rb3 Qa6 20. Rc3 Rxc3 21. Qxc3 Qe2 22. Bf3 Qe7 23. Nb5 a6 24. Nc7 Be4 25. Bxe4 dxe4 26. Na8 h5 27. Nb6 Kh7 28. Qc5 Qe6 29. Nc4 b5 30. Ne3 Qxa2 31. b4 Qe6 32. d5 Qe5 33. h4 Ng4 34. Nxg4 hxg4 35. d6 Qa1+ 36. Kg2 Qd1 37. Qf5+ Kg8 38. Qc8+ Kh7 39. Qf5+ Kg8 40. Qc8+ Kh7 41. d7 e3 42. fxe3 Qe2+ 43. Kg1 Qe1+ 44. Kg2 Qe2+ 45. Kg1 Qe1+ 46. Kg2 Qe2+ 1/2-1/2


[Site "https://www.chess.com"]

[Event "Titled Tuesday Blitz February 21 Late 2023"]
[White "Naroditsky, Daniel"]
[Black "Indjic, Aleksandar"]
[WhiteFideId "2026961"]
[BlackFideId "911925"]
[WhiteElo "2618"]
[BlackElo "2618"]
[Result "0-1"]
[Round "07"]
[TimeControl "180+2"]
[Date "2023.02.21"]
[WhiteClock "0:00:02"]
[BlackClock "0:00:13"]

1. e4 e5 2. Nf3 Nc6 3. Bb5 Nf6 4. O-O Nxe4 5. d4 Nd6 6. Ba4 exd4 7. c3 Be7 8. cxd4 O-O 9. Nc3 Nc4 10. Nd5 Nb6 11. Nxb6 axb6 12. d5 Nb4 13. Bb3 d6 14. Bd2 Na6 15. Bc2 Bf6 16. Rb1 c5 17. dxc6 bxc6 18. Bf4 d5 19. Ne5 Bxe5 20. Bxe5 Re8 21. Re1 Nb4 22. a3 Nxc2 23. Qxc2 Re6 24. Rbd1 c5 25. b4 f6 26. Bb2 Qe7 27. Rxe6 Bxe6 28. Rc1 Rc8 29. Qd2 d4 30. h3 Qd7 31. Qd3 Qd5 32. a4 Rd8 33. bxc5 bxc5 34. Rd1 Rb8 35. Ba1 Rb3 36. Qe2 h6 37. a5 Ra3 38. a6 Ra2 39. Qb5 Bd7 40. Qb8+ Kh7 41. a7 Bc6 42. Qg3 Rxa7 43. Qd3+ Qe4 44. Qxe4+ Bxe4 45. Rc1 Ra5 46. f3 Bg6 47. Kf2 Ra2+ 48. Kg3 Bd3 49. h4 Bc2 50. Kf4 g5+ 51. hxg5 hxg5+ 52. Kg3 f5 53. f4 g4 54. Kh4 Kg6 55. Rh1 Be4 56. Rc1 Rxg2 57. Rxc5 Rh2+ 58. Kg3 Rh3+ 59. Kf2 g3+ 60. Ke2 Rh2+ 61. Kf1 Rh1+ 62. Ke2 Rxa1 63. Rc8 Ra2+ 64. Kf1 Kh5 65. Rg8 Kh4 66. Rg7 Kh3 67. Rh7+ Kg4 68. Ra7 Rxa7 0-1


[Site "https://www.chess.com"]

[Event "Titled Tuesday Blitz February 21 Late 2023"]
[White "Li, Ruifeng"]
[Black "Bortnyk, Olexandr"]
[WhiteFideId "2061074"]
[BlackFideId "14120828"]
[WhiteElo "2541"]
[BlackElo "2605"]
[Result "0-1"]
[Round "07"]
[TimeControl "180+2"]
[Date "2023.02.21"]
[WhiteClock "0:00:06"]
[BlackClock "0:00:05"]

1. b3 d5 2. Bb2 Bf5 3. g3 e6 4. Bg2 Nf6 5. d3 h6 6. Nd2 Be7 7. e4 Bh7 8. Ne2 O-O 9. O-O a5 10. a4 Na6 11. Nf4 Nb4 12. Re1 c5 13. Rc1 Na2 14. Ra1 Nb4 15. Rc1 Rc8 16. exd5 exd5 17. Qf3 Re8 18. h4 b6 19. Bh3 Rb8 20. Re2 Bf8 21. Rxe8 Nxe8 22. Nf1 c4 23. dxc4 dxc4 24. bxc4 Bxc2 25. Ne3 Bxa4 26. Ned5 Nxd5 27. cxd5 Qd6 28. Ne6 Be7 29. Nxg7 Nxg7 30. Qg4 Bf6 31. Bxf6 Qxf6 32. Qxa4 Qe5 33. Rd1 Rd8 34. Qc6 Qd6 35. Qb7 a4 36. Bf1 a3 37. Bc4 Qb4 38. Rd4 a2 39. Bxa2 Qxd4 40. d6 Qd1+ 41. Kh2 Qxd6 42. Qxf7+ Kh8 43. Bb1 Rf8 44. Qa2 Qf6 45. Kg1 Qc3 46. Kg2 Qc6+ 47. Kg1 b5 48. Qd2 Qf6 49. Be4 Qe5 50. Qxh6+ Kg8 51. Qh7+ Kf7 52. Qg6+ Ke7 53. h5 b4 54. h6 Ne6 55. h7 Qd4 56. Bf5 Qf6 57. Qg4 b3 58. Qb4+ Kf7 59. Bxe6+ Kxe6 60. Qxb3+ Kf5 61. Qf3+ Kg6 62. Qe4+ Kg7 63. Qb7+ Kh8 64. Qg2 Kxh7 65. Qh3+ Kg7 66. Qg4+ Qg6 67. Qd4+ Qf6 68. Qe3 Rf7 69. Qc5 Qa1+ 70. Kg2 Qf6 71. Qe3 Re7 72. Qd2 Qe5 73. Kh2 Qh5+ 74. Kg2 Qe5 75. Kh2 Re6 76. Qd3 Qh5+ 77. Kg2 Qe5 78. Kh2 Qe2 79. Qc3+ Kg6 80. Qc5 Qh5+ 81. Qxh5+ Kxh5 82. Kg2 Re2 83. Kf3 Ra2 84. Kf4 Rxf2+ 85. Ke5 Rf8 0-1


[Site "https://www.chess.com"]

[Event "Titled Tuesday Blitz February 21 Late 2023"]
[White "Rustemov, Alexander"]
[Black "Martinez Alcantara, Jose Eduardo"]
[WhiteFideId "4119002"]
[BlackFideId "3805662"]
[WhiteElo "2525"]
[BlackElo "2619"]
[Result "1-0"]
[Round "07"]
[TimeControl "180+2"]
[Date "2023.02.21"]
[WhiteClock "0:00:08"]
[BlackClock "0:01:30"]

1. d4 Nf6 2. c4 e6 3. Nf3 Bb4+ 4. Bd2 c5 5. Bxb4 cxb4 6. g3 b6 7. Bg2 Bb7 8. O-O a5 9. Qd3 O-O 10. Nbd2 d6 11. a3 Na6 12. e4 Qc7 13. Rfe1 e5 14. h3 Rfe8 15. Re3 Rac8 16. Rd1 Bc6 17. Nh4 Ba4 18. b3 Bd7 19. a4 Nb8 20. f4 Nc6 21. Ndf3 Rcd8 22. Qd2 exf4 23. gxf4 Nxe4 24. Qe1 Nc3 25. Rdd3 Qc8 26. Kh2 h6 27. d5 Nb8 28. Nd4 Rxe3 29. Rxe3 Re8 30. Rxe8+ Qxe8 31. Qxe8+ Bxe8 32. Nhf5 Bd7 33. Nxd6 Na6 34. Ne4 Nc5 35. Nxc5 bxc5 36. Nc6 Bf5 37. Nxa5 Bc2 38. d6 Kf8 39. Bc6 Ne2 40. d7 Ke7 41. Nb7 Kf6 42. d8=Q+ Kf5 43. Nd6+ Kxf4 44. Qh4+ Ke3 45. Qe7+ Kd2 46. Nxf7 Nd4 47. Qxc5 Kc3 48. a5 Nxb3 49. Qe5+ Kd2 50. a6 Nc1 51. a7 Nd3 52. Qd6 b3 53. a8=Q b2 54. Qa5+ Kc1 55. Qb6 g5 56. c5 b1=Q 57. Qxb1+ Kxb1 58. Be4 Nb4 59. Bxc2+ Nxc2 60. c6 Kb2 61. c7 Ne3 62. c8=Q Nf1+ 63. Kg1 Ne3 64. Qb4+ 1-0


[Site "https://www.chess.com"]

[Event "Titled Tuesday Blitz February 21 Late 2023"]
[White "Fedoseev, Vladimir"]
[Black "Bikuzhin, Maksim"]
[WhiteFideId "24130737"]
[BlackFideId "24128015"]
[WhiteElo "2680"]
[BlackElo "2279"]
[Result "1-0"]
[Round "07"]
[TimeControl "180+2"]
[Date "2023.02.21"]
[WhiteClock "0:00:10"]
[BlackClock "0:00:01"]

1. a3 d5 2. h4 e5 3. d3 Nc6 4. g3 f5 5. Bg2 Nf6 6. Bg5 Be6 7. Nd2 h6 8. Bxf6 Qxf6 9. e3 O-O-O 10. Ne2 Bd6 11. c3 g5 12. Qa4 Kb8 13. O-O-O e4 14. d4 Ne7 15. f4 Rhg8 16. Bf1 c6 17. Kb1 Nc8 18. Qc2 gxf4 19. gxf4 Rg4 20. h5 Rh4 21. Rg1 Rxh5 22. c4 Rh2 23. cxd5 cxd5 24. Nc3 Qh4 25. Nb5 Qf2 26. Rg6 a6 27. Rxe6 axb5 28. Qb3 Na7 29. Qxd5 Bc7 30. Qxf5 Qxe3 31. Rxe4 Qg3 32. Be2 Rf2 33. Rc1 Rxf4 34. Qc5 Rxe4 35. Nxe4 Qf4 36. Bd3 Qf7 37. Nc3 Qd7 38. d5 Qd6 39. Qd4 Bb6 40. Qe4 Bc5 41. Bxb5 Nc8 42. Bc4 Na7 43. Qf3 Rf8 44. Qh3 Bd4 45. Ka2 Bxc3 46. Rxc3 Nc8 47. Bb3 Qe7 48. Qxh6 Nd6 49. Qh2 Ka8 50. Rh3 1-0


[Site "https://www.chess.com"]

[Event "Titled Tuesday Blitz February 21 Late 2023"]
[White "Kramnik, Vladimir"]
[Black "Bryakin, Mikhail"]
[WhiteFideId "4101588"]
[BlackFideId "4165314"]
[WhiteElo "2753"]
[BlackElo "2455"]
[Result "1-0"]
[Round "07"]
[TimeControl "180+2"]
[Date "2023.02.21"]
[WhiteClock "0:00:18"]
[BlackClock "0:00:05"]

1. Nf3 Nf6 2. g3 b6 3. d4 Bb7 4. c4 e6 5. Bg2 Be7 6. O-O O-O 7. h4 c5 8. d5 exd5 9. Nh2 Bd6 10. Nc3 Nc6 11. Nxd5 Nxd5 12. Bxd5 Qc7 13. Nf3 Rad8 14. Kg2 Be7 15. Bf4 d6 16. a3 Bc8 17. Qc2 Ne5 18. Rad1 h6 19. Rd2 Bg4 20. Rfd1 Bf6 21. Bxe5 Bxf3+ 22. Kxf3 dxe5 23. e3 Kh8 24. Qf5 Qe7 25. h5 Qd7 26. Qxd7 Rxd7 27. Be4 Rxd2 28. Rxd2 Rd8 29. Bd5 Kg8 30. Ke4 Kf8 31. b4 Be7 32. b5 Bf6 33. a4 Rd7 34. a5 bxa5 35. Ra2 Bd8 36. Kxe5 Bc7+ 37. Kf5 Re7 38. Kg4 Rd7 39. f4 Ke7 40. e4 f6 41. Kf5 Rd8 42. Kg6 Kf8 43. Ra3 Rd6 44. Kf5 Ke7 45. e5 fxe5 46. fxe5 Rd8 47. Re3 a4 48. Kg6 Ba5 49. Ra3 Rf8 50. Rxa4 Bb6 51. Ra3 Rf2 52. Kxg7 Re2 53. Kxh6 Rxe5 54. g4 Kf8 55. g5 Bd8 56. Rf3+ Ke8 57. g6 Bg5+ 58. Kg7 Re7+ 59. Rf7 1-0


[Site "https://www.chess.com"]

[Event "Titled Tuesday Blitz February 21 Late 2023"]
[White "Tang, Andrew"]
[Black "Nasuta, Grzegorz"]
[WhiteFideId "2059630"]
[BlackFideId "1141686"]
[WhiteElo "2523"]
[BlackElo "2552"]
[Result "1-0"]
[Round "07"]
[TimeControl "180+2"]
[Date "2023.02.21"]
[WhiteClock "0:00:26"]
[BlackClock "0:00:13"]

1. d4 d5 2. Bf4 c5 3. e3 Nc6 4. Nf3 Nf6 5. Nbd2 Nh5 6. dxc5 Nxf4 7. exf4 g6 8. c3 Bh6 9. Qa4 O-O 10. Bb5 Qc7 11. Bxc6 bxc6 12. Ne5 Bb7 13. Ndf3 f6 14. Nd3 e5 15. fxe5 fxe5 16. Nfxe5 Rae8 17. O-O Rxe5 18. Nxe5 Qxe5 19. Qxa7 Bc8 20. Rae1 Qg5 21. Qc7 Bg7 22. Re7 Qf6 23. f3 d4 24. Rd1 dxc3 25. bxc3 Be6 26. Rd6 Qxc3 27. Rxg7+ Qxg7 28. Qxg7+ Kxg7 29. Rxe6 Ra8 30. Rxc6 Rxa2 31. h4 Rc2 32. Kh2 Rc4 33. Kh3 h5 34. Rc7+ Kf6 35. Kg3 Ke6 36. c6 Kf6 37. Rc8 Kg7 38. c7 Kh7 39. Kf2 Kg7 40. Ke2 Kh7 41. Kd3 Kg7 42. Kxc4 1-0


[Site "https://www.chess.com"]

[Event "Titled Tuesday Blitz February 21 Late 2023"]
[White "Manukyan, Sargis V."]
[Black "Melkumyan, Hrant"]
[WhiteFideId "13303465"]
[BlackFideId "13302485"]
[WhiteElo "2253"]
[BlackElo "2645"]
[Result "0-1"]
[Round "07"]
[TimeControl "180+2"]
[Date "2023.02.21"]
[WhiteClock "0:01:09"]
[BlackClock "0:00:28"]

1. Nf3 c5 2. g3 Nc6 3. d4 cxd4 4. Nxd4 g6 5. Bg2 Bg7 6. Nb3 Nf6 7. O-O O-O 8. c4 d6 9. Nc3 Be6 10. Nd5 Nd7 11. f4 a5 12. Be3 Bxb2 13. Rb1 Bg7 14. Nd4 Nxd4 15. Bxd4 Bxd4+ 16. Qxd4 Nc5 17. e4 Bxd5 18. cxd5 Rb8 19. e5 b5 20. f5 Qb6 21. Kh1 Nd7 22. Qh4 Nxe5 23. Qxe7 Qd8 24. Qa7 b4 25. Qe3 f6 26. fxg6 hxg6 27. Qh6 Qe7 28. Rbc1 Qg7 29. Qd2 f5 30. Rf4 Rfc8 31. Re1 Rc3 32. Rh4 Rbc8 33. Qg5 Rc2 34. Rh6 Nf7 0-1


[Site "https://www.chess.com"]

[Event "Titled Tuesday Blitz February 21 Late 2023"]
[White "Hnydiuk, Aleksander"]
[Black "Nihal Sarin"]
[WhiteFideId "1109057"]
[BlackFideId "25092340"]
[WhiteElo "2363"]
[BlackElo "2673"]
[Result "0-1"]
[Round "07"]
[TimeControl "180+2"]
[Date "2023.02.21"]
[WhiteClock "0:00:05"]
[BlackClock "0:01:53"]

1. Nf3 d5 2. d4 Nf6 3. c4 e6 4. g3 Be7 5. Bg2 O-O 6. O-O dxc4 7. Qc2 b5 8. a4 b4 9. Nfd2 Nd5 10. Nxc4 c5 11. dxc5 Ba6 12. Nbd2 Bxc5 13. Ne4 Be7 14. Ne5 Qb6 15. a5 Qb5 16. Bf3 Rc8 17. Qb3 f6 18. Nd3 Nc6 19. Qa4 Nd4 20. Qxb5 Bxb5 21. Rd1 Rc2 22. Ne1 Nxe2+ 23. Kg2 Rcc8 24. Be3 f5 25. Bxe2 Bxe2 26. Rd2 Bc4 0-1


[Site "https://www.chess.com"]

[Event "Titled Tuesday Blitz February 21 Late 2023"]
[White "Deac, Bogdan-Daniel"]
[Black "Jaracz, Pawel"]
[WhiteFideId "1226380"]
[BlackFideId "1102222"]
[WhiteElo "2700"]
[BlackElo "2467"]
[Result "1-0"]
[Round "07"]
[TimeControl "180+2"]
[Date "2023.02.21"]
[WhiteClock "0:00:07"]
[BlackClock "0:00:13"]

1. c4 c6 2. Nf3 d5 3. e3 Nf6 4. Nc3 e6 5. b3 Bd6 6. Bb2 O-O 7. d4 Ne4 8. Qc2 f5 9. g3 Bd7 10. Bg2 Be8 11. O-O Nd7 12. Ne2 Bh5 13. Ne5 Bxe2 14. Qxe2 Nxe5 15. dxe5 Bc5 16. Rad1 Qe7 17. h4 g5 18. cxd5 cxd5 19. hxg5 Qxg5 20. Bd4 Bxd4 21. Rxd4 h5 22. Qf3 Rac8 23. Qf4 Qxf4 24. gxf4 Rc2 25. Bxe4 fxe4 26. Kg2 Kf7 27. Kh3 Rg8 28. a4 Ke7 29. Rb4 Rc7 30. a5 Kd7 31. Rh1 Kc8 32. Rd4 Rc2 33. Rf1 Kd7 34. Rdd1 Rgc8 35. b4 Rb2 36. Rb1 Rcc2 37. Rxb2 Rxb2 38. Kh4 Rxb4 39. Kxh5 Ra4 40. Rb1 Kc7 41. Kg6 Rxa5 42. Kf7 Ra6 43. f5 exf5 44. e6 1-0


[Site "https://www.chess.com"]

[Event "Titled Tuesday Blitz February 21 Late 2023"]
[White "Rasulov, Vugar"]
[Black "Fus, Jakub"]
[WhiteFideId "13402390"]
[BlackFideId "1193023"]
[WhiteElo "2523"]
[BlackElo "2417"]
[Result "1-0"]
[Round "07"]
[TimeControl "180+2"]
[Date "2023.02.21"]
[WhiteClock "0:00:37"]
[BlackClock "0:00:42"]

1. g3 d5 2. Bg2 c6 3. Nf3 Bg4 4. O-O Nd7 5. d4 e6 6. h3 Bh5 7. c4 Bd6 8. Nc3 Ngf6 9. Qb3 Rb8 10. Bf4 Bxf4 11. gxf4 Bxf3 12. Bxf3 h6 13. Bg2 g5 14. cxd5 exd5 15. f5 Kf8 16. Qa3+ Kg7 17. Qxa7 h5 18. Qa3 Qc7 19. Rac1 Qf4 20. e3 Qxf5 21. Qd6 g4 22. h4 Rhe8 23. Rfe1 Nf8 24. e4 dxe4 25. Nxe4 Ng6 26. Ng3 Qf4 27. Qxf6+ Kxf6 28. Nxh5+ Kf5 29. Rc5+ Re5 30. Rexe5+ Qxe5 31. dxe5 Nxh4 32. Ng3+ Ke6 33. Ne4 Ra8 34. Ng5+ Ke7 35. a3 Rd8 36. Rc4 Ng6 37. Rxg4 Nxe5 38. Rb4 Rg8 39. Rxb7+ Kf6 40. Ne4+ Kf5 41. Kf1 Rd8 42. Ke2 Rg8 43. Ng3+ Kf4 44. Rb4+ Kg5 45. a4 c5 46. Rb5 f6 47. a5 Kf4 48. a6 Ra8 49. Bxa8 1-0


[Site "https://www.chess.com"]

[Event "Titled Tuesday Blitz February 21 Late 2023"]
[White "Perske, Thore"]
[Black "Bernadskiy, Vitaliy"]
[WhiteFideId "12902195"]
[BlackFideId "14100371"]
[WhiteElo "2448"]
[BlackElo "2592"]
[Result "0-1"]
[Round "07"]
[TimeControl "180+2"]
[Date "2023.02.21"]
[WhiteClock "0:00:11"]
[BlackClock "0:00:46"]

1. e4 c5 2. Nf3 d6 3. g3 Nf6 4. d3 g6 5. Bg2 Bg7 6. O-O O-O 7. Nc3 Nc6 8. h3 Rb8 9. a4 a6 10. Be3 b5 11. axb5 axb5 12. Qd2 b4 13. Nd1 e5 14. Bh6 c4 15. Bxg7 Kxg7 16. Ne3 cxd3 17. Qxd3 Be6 18. Ng5 Qd7 19. Rfd1 Nd4 20. Nxe6+ Qxe6 21. Ra6 Rfc8 22. Qd2 Nd7 23. c3 bxc3 24. bxc3 Rxc3 25. Kh2 Rcb3 26. Ng4 h5 27. Qh6+ Kg8 28. Ne3 Nf6 29. Qg5 Rb2 30. Rf1 Kg7 31. f4 Nxe4 32. Qh4 Nf5 33. Nxf5+ Qxf5 34. fxe5 Qxf1 35. Qxe4 Rxg2+ 36. Qxg2 Qxa6 0-1


[Site "https://www.chess.com"]

[Event "Titled Tuesday Blitz February 21 Late 2023"]
[White "Aydincelebi, Kagan"]
[Black "Kobo, Ori"]
[WhiteFideId "6361102"]
[BlackFideId "2812320"]
[WhiteElo "2280"]
[BlackElo "2559"]
[Result "0-1"]
[Round "07"]
[TimeControl "180+2"]
[Date "2023.02.21"]
[WhiteClock "0:00:15"]
[BlackClock "0:00:07"]

1. e4 c5 2. Nf3 g6 3. c3 d5 4. e5 a6 5. d4 Nc6 6. Be2 Bg7 7. O-O f6 8. exf6 Nxf6 9. Re1 O-O 10. Be3 Ng4 11. Bg5 cxd4 12. cxd4 Qb6 13. h3 Nxf2 14. Kxf2 Qxb2 15. Nd2 Bxd4+ 16. Kg3 Qa3 17. Kh2 Qd6+ 18. Kh1 Bxa1 19. Qxa1 e5 20. Bh6 Re8 21. Bd3 Bf5 22. Bf1 Rad8 23. Qb2 Rd7 24. Nh4 Nd4 25. Nb3 Nxb3 26. Qxb3 Be6 27. Qb1 Bf7 28. Be2 e4 29. Bg4 Rde7 30. Bg5 Rc7 31. Rd1 d4 32. Qb2 d3 33. Bh6 Qe5 34. Qxe5 Rxe5 35. Bf4 Rce7 36. Bxe5 Rxe5 37. g3 h5 38. Bc8 Bxa2 39. Bxb7 Bb3 40. Rb1 d2 41. Nxg6 Rb5 42. Bc6 d1=Q+ 43. Rxd1 Bxd1 44. Bxb5 axb5 45. Kg1 b4 46. Ne5 b3 47. Nc4 Be2 48. Nb2 Kg7 49. Kf2 Bf3 50. Ke3 Kf6 51. Nc4 Kf5 52. Nd2 b2 53. Nb1 Bg2 54. Nc3 Bxh3 55. Kd2 Kg4 56. Kc2 Bg2 57. Kxb2 Kxg3 58. Kc2 h4 59. Kd2 h3 60. Ke3 h2 0-1


[Site "https://www.chess.com"]

[Event "Titled Tuesday Blitz February 21 Late 2023"]
[White "Samsonkin, Artiom"]
[Black "Martinez Ramirez, Lennis"]
[WhiteFideId "13503111"]
[BlackFideId "3509079"]
[WhiteElo "2420"]
[BlackElo "2426"]
[Result "1-0"]
[Round "07"]
[TimeControl "180+2"]
[Date "2023.02.21"]
[WhiteClock "0:00:17"]
[BlackClock "0:00:01"]

1. e4 c5 2. Nf3 d6 3. d4 cxd4 4. Qxd4 Nc6 5. Bb5 Bd7 6. Qd3 Nf6 7. O-O h6 8. c4 a6 9. Bxc6 Bxc6 10. Nc3 g6 11. h3 Bg7 12. Be3 O-O 13. Rac1 Rc8 14. Nd4 Nd7 15. b3 Nc5 16. Qd2 Nxe4 17. Nxe4 Bxe4 18. Bxh6 Bxh6 19. Qxh6 Rc5 20. Rfe1 Rh5 21. Qe3 d5 22. f3 e5 23. Ne2 Bf5 24. cxd5 Qxd5 25. Ng3 Rh7 26. Nxf5 gxf5 27. Qxe5 Qd2 28. Qe2 Qg5 29. Qf2 Rxh3 30. f4 Qg4 31. Re3 Rxe3 32. Qxe3 Rd8 33. Rf1 Rd6 34. Qe8+ Kg7 35. Qe5+ Rf6 36. Rf3 Qh4 37. Rd3 Kg6 38. Rd8 Qh7 39. Rd3 Qh4 40. Rh3 1-0


[Site "https://www.chess.com"]

[Event "Titled Tuesday Blitz February 21 Late 2023"]
[White "Pichot, Alan"]
[Black "Skvortsov, Andrei"]
[WhiteFideId "110973"]
[BlackFideId "24108600"]
[WhiteElo "2638"]
[BlackElo "2313"]
[Result "1-0"]
[Round "07"]
[TimeControl "180+2"]
[Date "2023.02.21"]
[WhiteClock "0:01:03"]
[BlackClock "0:00:03"]

1. e4 c5 2. Nf3 d6 3. d4 Nf6 4. dxc5 Nxe4 5. cxd6 Nxd6 6. Nc3 Nc6 7. Bf4 a6 8. Bxd6 exd6 9. Bc4 Be7 10. O-O O-O 11. h3 Ne5 12. Bb3 Bf6 13. Nd4 Nc6 14. Nde2 Rb8 15. Rb1 b5 16. Nd5 Bb7 17. c3 Ne5 18. Ng3 Bxd5 19. Qxd5 Ng6 20. Ne4 Be7 21. Rbd1 Nf4 22. Qf5 Ng6 23. g3 a5 24. a3 Qc7 25. h4 Ne5 26. Bd5 g6 27. Qf4 Kg7 28. h5 f5 29. Ng5 Bxg5 30. Qxg5 h6 31. Qe3 g5 32. f4 gxf4 33. gxf4 Ng4 34. Qd4+ Kh7 35. Rfe1 Rbe8 36. Be6 Qd8 37. Qa7+ Re7 38. Bg8+ Kxg8 39. Rxe7 Nf6 40. Rd2 Kh8 41. Rg2 b4 42. Rgg7 bxc3 43. Rh7+ 1-0


[Site "https://www.chess.com"]

[Event "Titled Tuesday Blitz February 21 Late 2023"]
[White "Kanakaris, Georgios"]
[Black "Urazayev, Arystanbek"]
[WhiteFideId "4209460"]
[BlackFideId "13709810"]
[WhiteElo "2391"]
[BlackElo "2460"]
[Result "0-1"]
[Round "07"]
[TimeControl "180+2"]
[Date "2023.02.21"]
[WhiteClock "0:00:19"]
[BlackClock "0:00:50"]

1. d4 d5 2. c4 e6 3. Nc3 Nf6 4. cxd5 exd5 5. Bg5 c6 6. e3 Bd6 7. Bd3 O-O 8. Qc2 h6 9. Bh4 Re8 10. Nf3 Be6 11. O-O Nbd7 12. Rab1 Qc7 13. Bg3 Bxg3 14. hxg3 Bg4 15. b4 a6 16. a4 Qd6 17. Bf5 Bxf5 18. Qxf5 h5 19. b5 cxb5 20. axb5 a5 21. Rfc1 g6 22. Qd3 Ne4 23. Na4 Rac8 24. Nd2 Ndf6 25. Nxe4 Nxe4 26. b6 Kg7 27. Qb5 Qa3 28. Rxc8 Rxc8 29. Qxd5 Rc1+ 30. Rxc1 Qxc1+ 31. Kh2 Nxf2 32. Qe5+ Kh7 0-1


[Site "https://www.chess.com"]